 Dungeon Crawl Stone Soup version 0.28.0 (webtiles) character file.

Game seed: 16578355891453227569

22 dolemite99 the Chopper (level 2, 22/22 HPs)
             Began as a Demonspawn Gladiator on Feb 14, 2022.
             Was a Follower of Sif Muna.
             Quit the game on level 1 of the Dungeon.
             The game lasted 00:00:59 (932 turns).

dolemite99 the Chopper (Demonspawn Gladiator)        Turns: 932, Time: 00:01:00

Health: 22/22      AC:  9    Str: 14    XL:     2   Next: 68%
Magic:  2/2        EV:  6    Int:  9    God:    Sif Muna [*.....]
Gold:   89         SH:  0    Dex: 14    Spells: 1/1 levels left

rFire   . . .      SeeInvis .   a - +0 war axe
rCold   . . .      Faith    .   (no shield)
rNeg    . . .      Spirit   .   i - +0 chain mail
rPois   .          Reflect  .   c - +0 helmet
rElec   .          Harm     .   (no cloak)
rCorr   .          Rampage  .   (no gloves)
Will    .....                   (no boots)
Stlth   ..........              (no amulet)
HPRegen 0.07/turn               (no ring)
MPRegen 0.08/turn               (no ring)

@: no status effects
A: ignite blood 1
a: Renounce Religion, Channel Magic


You were on level 1 of the Dungeon.
You worshipped Sif Muna.
Sif Muna was aware of your devotion.
You visited 1 branch of the dungeon, and saw 1 of its levels.

You collected 89 gold pieces.

Inventory:

Hand Weapons
 a - a +0 war axe (weapon)
Missiles
 d - 3 throwing nets (quivered)
 f - 26 stones
 n - 2 poisoned darts
 p - 20 arrows
Armour
 b - a +0 leather armour
 c - a +0 helmet (worn)
 i - a +0 chain mail (worn)
Jewellery
 j - an amulet of reflection
Scrolls
 g - a scroll of enchant weapon {unknown}
 h - a scroll of identify {unknown}
 k - a scroll of fog {unknown}
 m - a scroll of vulnerability {unknown}
Potions
 e - a potion of invisibility {unknown}
 l - a potion of curing {unknown}
 o - a potion of cancellation {unknown}


   Skills:
 - Level 2.0 Fighting
 + Level 3.6 Axes
 - Level 1.7 Throwing
 - Level 2.6 Dodging


You had one spell level left.
You didn't know any spells.
Your spell library was empty.

Dungeon Overview and Level Annotations

Branches:
Dungeon (1/15)

Altars:
Sif Muna


Innate Abilities, Weirdness & Mutations

Your demonic aura sometimes causes spilled blood to erupt in flames.


Message History

You see here 20 arrows.
p - 20 arrows A bat comes into view.
The bat barely misses you. The bat hits you but does no damage.
You miss the bat. The bat barely misses you. The bat hits you.
The bat hits you but does no damage.
You miss the bat. The bat hits you. The bat barely misses you.
The bat closely misses you.
You miss the bat. The bat hits you but does no damage. x4
You miss the bat. The bat closely misses you.
The bat hits you but does no damage. The bat hits you but does no damage. x3
You hit the bat.
The bat is severely wounded.
The bat barely misses you. The bat hits you but does no damage. x2
You hit the bat but do no damage.
The bat is severely wounded.
The bat closely misses you. The bat hits you but does no damage. x2
You hit the bat.
You kill the bat!
No target in view!
No target in view!
You see here a bat corpse.
You enter the shallow water.
Moving in this stuff is going to be slow.
You enter the shallow water.
Moving in this stuff is going to be slow.
You see here a +0 dagger.
There is a stone staircase leading down here.
Done exploring.
Done exploring.
Done exploring.
There is an escape hatch in the floor here.
You see here a +0 whip.
There is a faded altar of an unknown god here.
You cannot tell which god this altar belongs to.
Convert to them anyway?
Sif Muna accepts your prayer! Sif Muna welcomes you!
You can now call upon Sif Muna for magical energy.
Are you sure you want to abandon this character and quit the game? (Confirm with "yes".)

# #.# # #####.#
############..♣♣.#
##......)....♣.♣.#
#.####.♣♣♣♣#♣.♣♣#
#.# ♣♣...♣ ♣♣.♣♣
#.## ♣♣♣.♣♣♣♣..♣
#..# ♣♣.....8♣
#..♣♣♣♣ ♣♣♣.⌠..@♣
#.♣...♣♣♣......8♣
#..♣♣.....♣♣♣♣..♣
##)##♣♣♣♣♣♣##♣...♣
>...........♣♣..♣♣
###########.♣..♣♣
#..♣♣♣ ####


There were no monsters in sight!

Vanquished Creatures
  A dart slug (D:1)
  An endoplasm (D:1)
  4 goblins (D:1)
  2 hobgoblins (D:1)
  2 kobolds (D:1)
  2 quokkas (D:1)
  2 ball pythons (D:1)
  2 bats (D:1)
  2 rats (D:1)
18 creatures vanquished.

Notes
Turn   | Place    | Note
-------+----------+-------------------------------------------
     0 | D:1      | dolemite99 the Demonspawn Gladiator began the quest for the
                  | Orb.
     0 | D:1      | Reached XP level 1. HP: 16/16 MP: 1/1
   102 | D:1      | Reached skill level 3 in Axes
   209 | D:1      | Gained mutation: Your demonic aura sometimes causes spilled
                  | blood to erupt in flames. [demonic ancestry]
   209 | D:1      | Reached XP level 2. HP: 18/22 MP: 2/2
   651 | D:1      | Found a faded altar of an unknown god.
   931 | D:1      | Prayed at the altar of an unknown god.
   931 | D:1      | Became a worshipper of Sif Muna the Loreminder
   931 | D:1      | Reached * piety under Sif Muna
   932 | D:1      | Quit the game

Illustrated notes

Levels and vault maps discovered:
D:1:      eino_arrival_water_star, layout_loops_ring,
          shapermc_ecumenical_altar_totnotflames

Skill      XL: |  1 |
---------------+----+-----
Axes           | 3 |  3.6
Fighting       | |  2.0
Throwing       | |  1.7
Dodging        | |  2.6

Action                   || total
-------------------------++-------
Melee: War axe           ||    43
Armor: Chain mail        ||    35
       Leather armour    ||     2
Dodge: Dodged            ||    24
